 Dungeon Crawl Stone Soup version 0.30-a0-1035-g38d5fb2972 (webtiles) character file.

Game seed: 13812849937949949949

434941 cforsyth the Acrobat (level 23, -3/174 HPs)
             Began as an Octopode Summoner on Apr 8, 2023.
             Was an Initiate of Gozag.
             Splashed by the Royal Jelly's acid (5 damage)
             ... on level 5 of the Pits of Slime.
             The game lasted 02:30:28 (71891 turns).

cforsyth the Acrobat (Octopode Summoner)           Turns: 71891, Time: 02:30:28

Health: -3/174     AC: 14    Str: 13    XL:     23   Next: 64%
Magic:  69/69      EV: 35    Int: 31    God:    Gozag
Gold:   12408      SH:  0    Dex: 18    Spells: 9/46 levels left

rFire   + + .      SeeInvis .    d - melded +9 lance "Wyrmbane" {slay drac, rPois rF+ rC+ AC+3}
rCold   + . .      Faith    .    (shield currently unavailable)
rNeg    + . .      Spirit   .    g - melded +1 hat "Acahil" {Int+6}
rPois   ∞          Reflect  .    o - amulet of magic regeneration
rElec   +          Rampage  .    l - ring of magical power
rCorr   +                        E - ring of magical power
Will    +++..                    H - ring of willpower
Stlth   +                        q - ring of the Genius {rF+ Str+2 Int+4 Dex+6 Stlth-}
HPRegen 0.49/turn                Z - ring of magical power
MPRegen 0.81/turn                T - ring of the Skies Above {Fly rF+ rN+ Will+ rCorr}
                                 L - ring of the Tortoise {AC+8}
                                 U - ring "Leumnur" {rC+ rCorr Int+2}

@: storm-form (expiring), corroded, flying, studying 4 skills
A: cleaving, insubstantial, flying, almost no armour, amphibious, 8 rings,
(camouflage 1), (gelatinous body 1), (nimble swimmer 1), (tentacles), high MP 1
}: 3/15 runes: decaying, serpentine, silver
a: Blinkbolt, End Transformation, Renounce Religion, Potion Petition, Call
Merchant, Bribe Branch


You were on level 5 of the Pits of Slime.
You worshipped Gozag.
Gozag was extremely pleased with you.
You were a lightning-filled tempest!
You visited 9 branches of the dungeon, and saw 43 of its levels.
You also visited: Trove, Gauntlet and Wizlab.

You collected 22415 gold pieces.
You spent 1660 gold pieces at shops.
You paid 8347 gold pieces to Gozag.

Inventory:

Hand Weapons
 d - the +9 lance "Wyrmbane" (melded) {slay drac, rPois rF+ rC+ AC+3}
   (You took it off Maggie on level 6 of the Dungeon)

   AC:        It affects your AC (+3).
   rF:        It protects you from fire.
   rC:        It protects you from cold.
   rPois:     It protects you from poison.
Armour
 g - the +1 hat "Acahil" (melded) {Int+6}
   (You found it in a Gauntlet)

   Int:       It affects your intelligence (+6).
 M - the +2 hood of the Assassin {Detect Stab+ Stlth++}
   (You acquired it on level 1 of the Lair of Beasts)

   Detect:    It allows the wearer to sense nearby creatures.
   Stab+:     It allows the wearer to make particularly effective stabbing
   attacks against helpless or unaware enemies with any weapon.
   Stlth:     It makes you much more stealthy.
 X - the +3 hat of Pondering {ponderous, Will+ MP+10 Int+5}
   (You found it on level 5 of the Vaults)

   Int:       It affects your intelligence (+5).
   MP:        It affects your magic capacity (+10).
   Will:      It increases your willpower.
Jewellery
 l - a ring of magical power (left tentacle)
 o - an amulet of magic regeneration (around neck)
 q - the ring of the Genius (on tentacle) {rF+ Str+2 Int+4 Dex+6 Stlth-}
   (You took it off a deep elf death mage on level 3 of the Elven Halls)

   [ring of dexterity]

   Str:       It affects your strength (+2).
   Int:       It affects your intelligence (+4).
   Dex:       It affects your dexterity (+6).
   rF:        It protects you from fire.
   Stlth:     It makes you less stealthy.
 v - a ring of protection from cold
 E - a ring of magical power (right tentacle)
 H - a ring of willpower (on tentacle)
 J - the necklace of Bloodlust {Fury *Rage Will++ Int-3 Slay+6}
   (You took it off a deep elf demonologist on level 3 of the Elven Halls)

   [amulet of nothing]

   Fury:      It extends the wearer's berserk rage when killing foes.
   Int:       It affects your intelligence (-3).
   Slay:      It affects your accuracy & damage with ranged weapons and melee
   (+6).
   *Rage:     It berserks you when you make melee attacks (+50% chance).
   Will:      It greatly increases your willpower.
 L - the ring of the Tortoise (on tentacle) {AC+8}
   (You took it off a deep elf high priest on level 3 of the Elven Halls)

   [ring of protection]

   AC:        It affects your AC (+8).
 N - the amulet of Duezyiva {Reflect Rampage rCorr Int-3 Dex+6 SH+5}
   (You found it in a treasure trove)

   [amulet of reflection]

   It reflects blocked missile attacks.
   Int:       It affects your intelligence (-3).
   Dex:       It affects your dexterity (+6).
   rCorr:     It protects you from acid and corrosion.
   SH:        It affects your SH (+5).
   Rampage:   It bestows one free step when moving towards enemies.
 O - the ring of Hyvvinaraw {Wiz rN+ Will- rCorr}
   (You found it on level 5 of the Vaults)

   [ring of wizardry]

   It improves your spell success rate.
   rN:        It protects you from negative energy.
   rCorr:     It protects you from acid and corrosion.
   Will:      It decreases your willpower.
 S - the ring of Xuiger {rElec rPois rC- rCorr SInv}
   (You found it in a Gauntlet)

   [ring of see invisible]

   rC:        It makes you vulnerable to cold.
   rElec:     It insulates you from electricity.
   rPois:     It protects you from poison.
   SInv:      It lets you see invisible.
   rCorr:     It protects you from acid and corrosion.
 T - the ring of the Skies Above (on tentacle) {Fly rF+ rN+ Will+ rCorr}
   (You acquired it on level 1 of the Snake Pit)

   [ring of resist corrosion]

   rF:        It protects you from fire.
   rN:        It protects you from negative energy.
   Fly:       It grants you flight.
   rCorr:     It protects you from acid and corrosion.
   Will:      It increases your willpower.
 U - the ring "Leumnur" (on tentacle) {rC+ rCorr Int+2}
   (You found it in a Gauntlet)

   [ring of protection from cold]

   Int:       It affects your intelligence (+2).
   rC:        It protects you from cold.
   rCorr:     It protects you from acid and corrosion.
 Z - a ring of magical power (on tentacle)
Wands
 e - a wand of polymorph (11)
 p - a wand of flame (71)
 x - a wand of mindburst (24)
 y - a wand of roots (40)
 F - a wand of paralysis (39)
 G - a wand of digging (18)
 V - a wand of acid (10)
Scrolls
 b - 9 scrolls of poison
 c - 11 scrolls of teleportation
 j - 5 scrolls of immolation
 n - 4 scrolls of torment
 s - 11 scrolls of enchant armour
 w - 3 scrolls of amnesia
 z - 3 scrolls of fear
 A - 5 scrolls of summoning
 D - 2 scrolls of vulnerability
 I - 10 scrolls of blinking
 P - 4 scrolls of fog
 Q - 3 scrolls of silence
 Y - 3 scrolls of magic mapping
Potions
 a - 7 potions of magic
 f - 5 potions of attraction
 h - 8 potions of mutation
 i - 7 potions of resistance
 k - 16 potions of brilliance
 m - 18 potions of curing
 r - 4 potions of cancellation
 t - 7 potions of lignification
 u - 8 potions of might
 B - 4 potions of heal wounds
 C - 9 potions of ambrosia
 K - 6 potions of haste
 R - 3 potions of flight
 W - 4 potions of berserk rage


   Skills:
 + Level 19.5 Fighting
 + Level 21.4 Dodging
 - Level 2.6 Stealth
 + Level 16.7 Unarmed Combat
 - Level 12.0 Spellcasting
 - Level 4.0 Hexes
 - Level 12.3 Summonings
 - Level 15.4 Transmutations
 - Level 16.2 Air Magic


You had 9 spell levels left.
You knew the following spells:

 Your Spells              Type           Power      Damage    Failure   Level
a - Storm Form            Tmut/Air       43%        N/A       3%          7
b - Blink                 Tloc           36%        N/A       4%          2
c - Call Canine Familiar  Summ           76%        N/A       1%          3
d - Summon Guardian Gole  Hex/Summ       62%        N/A       1%          3
e - Summon Lightning Spi  Summ/Air       82%        N/A       1%          4
g - Summon Cactus Giant   Summ           38%        N/A       2%          6
h - Summon Mana Viper     Hex/Summ       62%        N/A       2%          5
i - Summon Hydra          Summ           38%        N/A       14%         7

Your spell library contained the following spells:

 Spells                   Type           Power      Damage    Failure   Level
 Beastly Appendage        Tmut           100%       N/A       0%          1
 Summon Small Mammal      Summ           100%       N/A       0%          1
 Wereblood                Tmut           85%        N/A       0%          2
 Swiftness                Air            87%        N/A       0%          3
 Slow                     Hex            100%       N/A       1%          1
 Sting                    Tmut/Pois      100%       1d8       1%          1
 Call Imp                 Summ           100%       N/A       1%          2
 Cigotuvi's Dreadful Rot  Necr/Pois/Air  100%       N/A       1%          2
 Ensorcelled Hibernation  Hex/Ice        62%        N/A       1%          2
 Passwall                 Tmut/Erth      50%        N/A       1%          2
 Ignite Poison            Fire/Tmut/Pois 50%        N/A       1%          3
 Mephitic Cloud           Conj/Pois/Air  51%        N/A       1%          3
 Spider Form              Tmut/Pois      61%        N/A       1%          3
 Tukima's Dance           Hex            43%        N/A       1%          3
 Airstrike                Air            43%        2d(7-23)  1%          4
 Petrify                  Tmut/Erth      61%        N/A       1%          4
 Summon Ice Beast         Ice/Summ       54%        N/A       1%          4
 Blade Hands              Tmut           42%        N/A       1%          5
 Silence                  Hex/Air        34%        N/A       1%          5
 Apportation              Tloc           36%        N/A       2%          1
 Magic Dart               Conj           72%        1d6       2%          1
 Necrotise                Necr           72%        1d7       2%          1
 Sandblast                Erth           36%        2d10      2%          1
 Dazzling Flash           Conj/Hex       62%        N/A       3%          3
 Inner Flame              Hex/Fire       31%        N/A       3%          3
 Portal Projectile        Hex/Tloc       62%        N/A       3%          3
 Alistair's Intoxication  Tmut/Pois      40%        N/A       3%          5
 Irradiate                Conj/Tmut      30%        3d21      3%          5
 Lesser Beckoning         Tloc           36%        N/A       4%          2
 Momentum Strike          Conj/Tloc      36%        3d9       4%          2
 Scorch                   Fire           36%        2d7       4%          2
 Searing Ray              Conj           36%        2d5       4%          2
 Sublimation of Blood     Necr           18%        N/A       4%          2
 Cause Fear               Hex            21%        N/A       4%          4
 Gell's Gravitas          Tloc           18%        N/A       8%          3
 Hailstorm                Conj/Ice       18%        3d6       8%          3
 Stone Arrow              Conj/Erth      36%        3d9       8%          3
 Teleport Other           Tloc           18%        N/A       8%          3
 Vampiric Draining        Necr           18%        2d7       8%          3
 Volatile Blastmotes      Fire/Tloc      36%        2d13      8%          3
 Anguish                  Hex/Necr       15%        N/A       12%         4
 Fulminant Prism          Conj/Hex       15%        3d11      12%         4
 Conjure Ball Lightning   Conj/Air       31%        3x3d10    14%         6
 Monstrous Menagerie      Summ           38%        N/A       14%         7
 Eringya's Noxious Bog    Tmut/Pois      30%        N/A       17%         6
 Statue Form              Tmut/Erth      40%        N/A       17%         6
 Maxwell's Capacitive Co  Air            43%        ∞         22%         8
 Dispel Undead            Necr           18%        3d11      26%         4
 Flame Wave               Conj/Fire      18%        2d7       26%         4
 Iskenderun's Mystic Bla  Conj/Tloc      18%        2d6       26%         4
 Sticky Flame             Conj/Fire      18%        2d4       26%         4
 Metabolic Englaciation   Hex/Ice        15%        N/A       32%         5
 Agony                    Necr           18%        N/A       58%         5
 Borgnjor's Vile Clutch   Necr/Erth      9%         N/A       58%         5
 Fireball                 Conj/Fire      9%         3d6       58%         5
 Iskenderun's Battlesphe  Conj           18%        2d7       58%         5
 Lee's Rapid Deconstruct  Erth           9%         3d7*      58%         5
 Summon Horrible Things   Summ           38%        N/A       73%         8
 Haunt                    Necr/Summ      27%        N/A       87%         7
 Spellforged Servitor     Conj/Summ      27%        N/A       87%         7
 Death Channel            Necr           9%         N/A       99%         6
 Iron Shot                Conj/Erth      9%         9d3       99%         6
 Enfeeble                 Hex            21%        N/A       99%         7
 Orb of Destruction       Conj           9%         9d6       100%        7
 Ozocubu's Refrigeration  Ice            9%         4d9       100%        7
 Borgnjor's Revivificati  Necr           9%         N/A       100%        8
 Lehudib's Crystal Spear  Conj/Erth      9%         10d4      100%        8
 Necromutation            Tmut/Necr      30%        N/A       100%        8
 Death's Door             Necr           9%         N/A       100%        9
 Dragon's Call            Summ           38%        N/A       100%        9
 Animate Armour           Summ/Erth      Unusable   N/A       N/A         4

Dungeon Overview and Level Annotations

Branches:
Dungeon (15/15)            Temple (1/1) D:7            Lair (5/5) D:11
  Swamp (4/4) Lair:3        Snake (4/4) Lair:3        Slime (5/5) Lair:4
    Orc (2/2) D:9             Elf (3/3) Orc:2        Vaults (5/5) D:13
  Crypt (0/3) Vaults:3     Depths (0/4) D:15         WizLab (visited)
Gauntlet (visited)

Altars:
Ashenzari
Cheibriados
Dithmenos
Elyvilon
Fedhas
Gozag
Hepliaklqana
Makhleb
Nemelex Xobeh
Qazlal
Ru
Sif Muna
Trog
Uskayaw
Vehumet
Wu Jian
Xom
Yredelemnul
Zin
The Shining One
Jiyva

Shops:
D:1 *   D:12 (   D:15 (   Orc:2 *!*[[   Elf:3 :   Lair:1 ==*=:=*   Snake:2 ![[!
Vaults:1 :   Vaults:4 ?

Annotations:
Slime:5 Royal Jelly
Elf:2 1 runed translucent door, Timpihef's ghost, adept OpAK


Innate Abilities, Weirdness & Mutations

You are a lightning-filled tempest!
Your electrical attacks strike out in all directions at once.
You are incredibly evasive.
Your insubstantial body is immune to petrification, constriction, and being set on fire You are flying.
You are immune to poison.
Your armour is entirely melded.
You are incapable of wielding weapons or throwing items.
You cannot wear most types of armour.
You are amphibious.
You can wear up to eight rings at the same time.
((Your skin changes colour to match your surroundings (Stealth+).))
((Your rubbery body absorbs attacks. (AC +1, EV +1)))
((You are camouflaged when in or above water. (Stealth+)))
((You have tentacles for arms and can constrict up to eight enemies at once.))
You have an increased reservoir of magic. (+10% MP)


Message History

The Royal Jelly hits you but does no damage.
The Royal Jelly completely misses you. The Royal Jelly barely misses you.
The Royal Jelly hits you!
You are splashed with acid.
You resist.
The Royal Jelly attacks as you move away!
The Royal Jelly hits you!!
You are splashed with acid.
You resist. The Royal Jelly completely misses you.
The Royal Jelly completely misses you. x2
The Royal Jelly completely misses you. The Royal Jelly misses you.
The Royal Jelly hits you. The acid corrodes you!
You are splashed with acid.
You resist. The Royal Jelly misses you.
The Royal Jelly attacks as you move away!
The Royal Jelly closely misses you. The Royal Jelly misses you.
The Royal Jelly attacks as you move away!
The Royal Jelly hits you. The acid corrodes you!
You are splashed with acid.
You resist. The Royal Jelly misses you. The Royal Jelly completely misses you.
The Royal Jelly hits you!
You are splashed with acid.
You resist. The Royal Jelly hits you!
You are splashed with acid.
You resist. The Royal Jelly completely misses you.
The Royal Jelly hits you but does no damage.
The Royal Jelly completely misses you.
The Royal Jelly attacks as you move away!
The Royal Jelly hits you!! The acid corrodes you!
You are splashed with acid.
You resist. The Royal Jelly hits you.
You are splashed with acid.
You resist.
Your transformation is almost over.
The Royal Jelly completely misses you. x2; The Royal Jelly hits you!
* * * LOW HITPOINT WARNING * * *
You are splashed with acid.
You resist.
* * * LOW HITPOINT WARNING * * *
The Royal Jelly hits you!!
* * * LOW HITPOINT WARNING * * *
You are splashed with acid.
You resist.
* * * LOW HITPOINT WARNING * * *
There is a stone staircase leading up here.
The Royal Jelly hits you!
* * * LOW HITPOINT WARNING * * *
You are splashed with acid.
You resist.
You die...
Your body crumbles into a pile of gold.

........... ..............
..............
#.............. #.
###............... ##.##
##................. #....
##..................
#....###...................
#.........v................
#.........J............###
##.....................#
#.....................# $
##.................... $
#................... $
#...................
##................... $ #
#.................... "


You could see the Royal Jelly.

Vanquished Creatures
  A dread lich (Vaults:5)
  Mara (Swamp:4)
  Saint Roka (Vaults:1)
  2 golden dragons (Vaults:5)
  5 tentacled monstrosities
  11 acid blobs
  2 deep elf blademasters (Elf:3)
  2 quicksilver dragons (Snake:4)
  4 deep elf master archers
  3 sphinxes
  A thorn hunter (WizLab)
  2 storm dragons (Vaults:5)
  3 shadow dragons (Vaults:5)
  6 tengu reavers
  3 azure jellies
  5 rockslimes
  2 fire giants (Vaults:5)
  3 fenstrider witches (WizLab)
  A nagaraja (Snake:4)
  7 deep elf sorcerers
  11 vault wardens
  2 frost giants (Vaults:5)
  An orc warlord (Vaults:3)
  The ghost of Tuedos the Convoker, a journeyman BaGl of Cheibriados (D:13)
  3 deep elf elementalists (Elf:3)
  3 quicksilver oozes
  6 ironbound preservers
  3 war gargoyles
  4 ironbound thunderhulks
  4 stone giants (Vaults:5)
  8 very ugly things
  6 eleionomae
  10 deep elf demonologists
  4 bunyips
  11 dire elephants
  4 deep elf annihilators (Elf:3)
  9 ettins
  2 green deaths (Swamp:4)
  12 deep elf death magi
  3 shambling mangroves
  4 deep elf high priests
  15 yaktaur captains
  7 hydras
  26 vault guards
  13 great orbs of eyes
  An entropy weaver (Vaults:4)
  5 anacondas
  A hydra (shapeshifter) (Vaults:5)
  3 salamander tyrants
  A hell beast (Swamp:4)
  An ogre mage (Vaults:5)
  A ghost crab (Swamp:1)
  2 boulder beetles
  6 centaur warriors
  4 ironbound frosthearts
  27 dancing weapons
  3 satyrs (WizLab)
  3 two-headed ogres
  10 alligators
  A thrashing horror (Swamp:4)
  A deep troll earth mage (Vaults:5)
  4 death yaks (Gauntlet)
  6 naga warriors
  11 naga sharpshooters
  6 shock serpents
  18 deep elf knights
  15 spriggans
  A hell knight (Vaults:5)
  A salamander mystic (Snake:2)
  9 skeletal warriors
  16 deep trolls
  3 goliath frogs (Swamp:1)
  8 deep elf archers
  6 bog bodies
  4 naga ritualists
  4 spriggan druids
  7 swamp dragons
  3 glowing orange brains
  15 ironbound convokers
  5 phantasmal warriors
  7 lindwurms
  4 harpies (Vaults:2)
  4 wizards
  3 orc knights
  An orc sorcerer (D:15)
  24 deep elf pyromancers
  9 fauns (WizLab)
  5 mana vipers
  2 necromancers
  19 ugly things
  A wolf spider (shapeshifter) (Vaults:3)
  30 deep elf zephyrmancers
  2 moths of wrath
  A sphinx skeleton (Vaults:3)
  An oklob plant (WizLab)
  A shining eye (Slime:1)
  A moth of wrath (shapeshifter) (Vaults:2)
  3 will-o-the-wisps
  10 salamanders
  3 cyclopes
  A frost giant skeleton (Vaults:3)
  3 nameless horrors
  3 eyes of devastation
  20 vault sentinels
  An elephant (Gauntlet)
  A stone giant skeleton (Vaults:3)
  27 black mambas
  4 guardian serpents
  13 naga magi
  2 orange demons (Swamp:4)
  A centaur skeleton (D:15)
  A minotaur zombie (Gauntlet)
  An unseen horror (D:10)
  An efreet (D:14)
  2 freezing wraiths
  2 tengu conjurers (D:15)
  34 yaktaurs
  4 human skeletons (Vaults:3)
  3 red devils (Elf:1)
  3 trolls
  A tarantella (shapeshifter) (D:14)
  13 hornets
  3 tyrant leeches
  67 slime creatures
  2 ettin skeletons (Vaults:3)
  2 air elementals
  3 water elementals
  2 centaur simulacra
  2 large abominations (Swamp:4)
  3 shadows (Swamp:4)
  A wyvern (D:10)
  A wraith (D:10)
  2 yaks
  4 fire elementals
  A golden eye (shapeshifter) (Elf:3)
  2 golden eyes (Slime:4)
  A vampire mosquito (D:12)
  A steam dragon (Lair:5)
  2 redback simulacra (D:15)
  21 nagas
  A water moccasin (D:6)
  10 swamp worms
  A glowing shapeshifter skeleton (Vaults:3)
  3 orc warriors
  A swamp drake (Swamp:1)
  2 boggarts
  An ogre (Orc:2)
  A kobold brigand (D:9)
  A bullfrog (D:8)
  2 earth elementals
  A hornet simulacrum (Gauntlet)
  A howler monkey (D:7)
  A hound (D:2)
  A jelly (D:8)
  9 orc priests
  6 orc wizards
  5 adders
  A worm (D:2)
  2 dart slugs (D:2)
  22 orcs
  3 bats
  4 endoplasms
  3 giant cockroaches
  3 goblins
  4 hobgoblins
  9 kobolds
  A quokka (D:1)
  2 ball pythons
  2 frilled lizards
  A frilled lizard (shapeshifter) (Vaults:5)
  A rat (D:2)
  3 briar patches (WizLab)
  A bush (WizLab)
  A lurking horror (Slime:2)
951 creatures vanquished.

Vanquished Creatures (collateral kills)
  Jorgrun (Swamp:2)
  Mlioglotl (Snake:4)
  A quicksilver dragon (Vaults:5)
  The ghost of Isysim the Warrior, an adept OgFi of the Shining One (Swamp:4)
  2 thorn hunters (WizLab)
  Donald (Swamp:1)
  A fenstrider witch (Swamp:4)
  Roxanne (Swamp:1)
  A fire giant (Vaults:5)
  Louise (Swamp:4)
  An ironbound preserver (Vaults:4)
  A spriggan defender (Swamp:4)
  2 eleionomae
  4 very ugly things
  A dire elephant (Gauntlet)
  A minotaur (Gauntlet)
  A bunyip (Swamp:2)
  A deep elf death mage (Elf:1)
  2 fire dragons
  An ettin (D:13)
  Snorg (Lair:3)
  Fannar (D:12)
  A yaktaur captain (Vaults:3)
  5 hydras
  A catoblepas (Lair:1)
  5 ogre magi
  3 anacondas
  17 two-headed ogres
  3 centaur warriors
  3 boulder beetles
  2 dancing weapons (Elf:2)
  A naga warrior (Snake:2)
  A death knight (D:14)
  2 alligators
  A tengu warrior (D:13)
  A shock serpent (Snake:4)
  2 naga sharpshooters
  A spriggan berserker (Swamp:4)
  2 goliath frogs (Swamp:2)
  A skeletal warrior (D:15)
  3 deep trolls
  2 naga ritualists
  2 lindwurms
  A deep elf archer (Elf:1)
  3 bog bodies
  A swamp dragon (Lair:5)
  A will-o-the-wisp (Swamp:3)
  2 mana vipers (Snake:2)
  3 deep elf pyromancers
  3 deep elf zephyrmancers (Elf:1)
  A faun (WizLab)
  2 orc sorcerers
  6 ugly things
  2 manticores (Lair:5)
  An elephant (Lair:4)
  3 salamanders (Snake:2)
  4 naga magi
  A cyclops (D:13)
  8 black mambas
  A black mamba (shapeshifter) (D:13)
  3 torpor snails (Lair:5)
  7 cane toads
  2 guardian serpents (shapeshifter)
  3 vault sentinels
  An unseen horror (D:13)
  8 rime drakes
  7 yaktaurs
  Maggie (D:6)
  6 komodo dragons
  A nameless horror (Swamp:4)
  A freezing wraith (D:14)
  2 tengu conjurers
  2 efreet
  A red devil (Elf:1)
  2 polar bears (Lair:4)
  The ghost of jasper the Conjurer, a novice GrCj (D:5)
  3 trolls
  2 tyrant leeches
  A meliai (D:14)
  A wolf spider simulacrum (Gauntlet)
  11 hornets
  A blink frog (Lair:2)
  5 dream sheep
  A meliai zombie (D:15)
  16 slime creatures
  A culicivora (shapeshifter) (Vaults:5)
  2 wraiths
  12 spriggans
  5 basilisks
  19 yaks
  A shadow (D:12)
  3 wyverns
  A vampire (D:12)
  2 steam dragons
  5 nagas
  3 swamp worms
  An acid dragon (D:10)
  18 water moccasins
  15 orc warriors
  2 swamp drakes
  An ice beast (D:6)
  2 sky beasts
  A hornet zombie (D:15)
  19 ogres
  9 wolves
  A lemure (D:6)
  2 kobold brigands
  Blork the orc (D:6)
  13 bullfrogs
  A gnoll sergeant (D:11)
  6 scorpions
  9 wights
  Dowan (D:6)
  3 howler monkeys
  A jelly (Lair:4)
  11 orc priests
  A sleepcap (D:7)
  5 hounds
  An iron imp (D:10)
  17 orc wizards
  Terence (D:2)
  6 iguanas
  5 hell rats (Lair:3)
  13 gnolls
  4 adders
  A white imp (D:7)
  A worm (D:4)
  3 dart slugs
  57 orcs
  4 bats
  7 endoplasms
  2 giant cockroaches
  9 goblins
  8 hobgoblins
  13 kobolds
  3 quokkas
  8 ball pythons
  2 rats
561 creatures vanquished.

Vanquished Creatures (others)
  Rupert (Lair:4)
  An orc warlord (Orc:2)
  A deep elf annihilator (Elf:3)
  Harold (Lair:1)
  4 hydras
  A catoblepas (Lair:5)
  7 two-headed ogres
  3 death yaks (D:11)
  Urug (D:12)
  A deep elf knight (Elf:2)
  Amaemon (D:9)
  A wizard (D:15)
  Pikel (D:6)
  A bog body (Swamp:4)
  A deep elf zephyrmancer (Elf:1)
  A cyclops (D:11)
  3 elephants (Lair:4)
  A manticore (D:11)
  2 black mambas
  An orange demon (D:9)
  A rime drake (Lair:5)
  2 komodo dragons
  2 yaktaurs
  2 trolls
  7 bloated husks
  2 hornets (Swamp:4)
  A tyrant leech (Swamp:3)
  A dream sheep (Lair:2)
  A wraith (D:13)
  2 spriggans
  12 yaks
  A wyvern (Lair:3)
  3 slime creatures
  A basilisk (Lair:5)
  3 vampire mosquitoes (D:12)
  3 nagas (Lair:3)
  An acid dragon (Lair:5)
  Duvessa (D:6)
  A water moccasin (D:8)
  2 orc warriors (D:9)
  3 ogres
  A gnoll sergeant (D:12)
  A wight (D:7)
  2 jellies (Lair:4)
  A hound (D:6)
  A gnoll bouda (D:6)
  An orc priest (Orc:2)
  A hell rat (D:11)
  8 gnolls
  A white imp (D:6)
  A dart slug (D:5)
  4 orcs
  An endoplasm (Lair:4)
  A quokka (D:11)
  3 bushes (WizLab)
  16 foxfires
  8 fungi
  A lurking horror (Slime:2)
  47 plants
  2 starspawn tentacles (Snake:4)
187 creatures vanquished.

Grand Total: 1699 creatures vanquished

Notes
Turn   | Place    | Note
-------+----------+-------------------------------------------
     0 | D:1      | cforsyth the Octopode Summoner began the quest for the Orb.
     0 | D:1      | Reached XP level 1. HP: 11/11 MP: 3/3
   101 | D:1      | Found Vuxt's Assorted Antiques.
   167 | D:1      | Reached XP level 2. HP: 17/17 MP: 1/5
   181 | D:1      | Learned a level 2 spell: Call Imp
   455 | D:1      | Reached XP level 3. HP: 21/21 MP: 3/6
   839 | D:2      | Reached XP level 4. HP: 17/27 MP: 5/8
   843 | D:2      | Learned a level 3 spell: Call Canine Familiar
   847 | D:2      | Learned a level 3 spell: Summon Guardian Golem
  1148 | D:2      | Noticed Terence
  1227 | D:2      | Killed Terence
  1228 | D:2      | Reached skill level 1 in Hexes
  1228 | D:2      | Reached skill level 5 in Summonings
  1335 | D:2      | Reached XP level 5. HP: 31/31 MP: 8/10
  1525 | D:2      | Found a faded altar of an unknown god.
  2129 | D:3      | Found a glowing golden altar of the Shining One.
  2164 | D:3      | Found an opulent altar of Gozag.
  2305 | D:3      | Found a radiant altar of Vehumet.
  2376 | D:3      | Found a hazy altar of Hepliaklqana.
  2567 | D:3      | Found a broken altar of Ashenzari.
  2568 | D:3      | Found a basalt altar of Yredelemnul.
  2989 | D:4      | Reached XP level 6. HP: 31/36 MP: 12/12
  3136 | D:4      | Learned a level 4 spell: Summon Lightning Spire
  3437 | D:4      | Reached skill level 1 in Air Magic
  3437 | D:4      | Reached XP level 7. HP: 33/41 MP: 13/13
  3597 | D:5      | Entered Level 5 of the Dungeon
  3757 | D:5      | Noticed jasper's ghost (novice GrCj)
  3980 | D:5      | Found a transporter.
  4131 | D:5      | Found a transporter.
  4426 | D:6      | Noticed Blork the orc
  4443 | D:6      | Killed Blork the orc
  4444 | D:6      | Reached XP level 8. HP: 41/46 MP: 15/15
  4568 | D:6      | Reached skill level 5 in Spellcasting
  5189 | D:6      | Noticed Pikel
  5403 | D:6      | Found a stormy altar of Qazlal.
  5460 | D:3      | Found a sacrificial altar of Ru.
  5471 | D:3      | Became a worshipper of Gozag Ym Sagoz the Greedy
  5557 | D:6      | Killed Pikel
  5558 | D:6      | Reached skill level 5 in Air Magic
  5558 | D:6      | Reached XP level 9. HP: 51/51 MP: 18/18
  5795 | D:6      | Found a hide-covered altar of Uskayaw.
  5795 | D:6      | Noticed Maggie
  5796 | D:6      | Noticed Duvessa
  5796 | D:6      | Noticed Dowan
  5847 | D:6      | Killed Duvessa
  6280 | D:6      | Killed Dowan
  6302 | D:6      | Killed Maggie
  6668 | D:7      | Found a staircase to the Ecumenical Temple.
  6698 | Temple   | Entered the Ecumenical Temple
  7387 | D:7      | Found a sparkling altar of Nemelex Xobeh.
  7897 | D:8      | Reached XP level 10. HP: 56/56 MP: 22/22
  8693 | D:8      | Reached skill level 10 in Summonings
  9196 | D:9      | Noticed Amaemon
  9196 | D:9      | Noticed an orange demon
  9238 | D:9      | Killed Amaemon
  9251 | D:9      | Killed an orange demon
  9327 | D:9      | Found a staircase to the Orcish Mines.
 10535 | D:10     | Entered Level 10 of the Dungeon
 10545 | D:10     | HP: 2/56 [acid dragon/splash of acid (14)]
 11483 | D:10     | Killed an unseen horror
 11484 | D:10     | Reached skill level 10 in Spellcasting
 11484 | D:10     | Reached XP level 11. HP: 33/61 MP: 25/25
 11604 | D:10     | Noticed a two-headed ogre
 11611 | D:10     | Killed a two-headed ogre
 11975 | D:10     | Identified the +3 battleaxe of Extermination {flame, rElec
                  | rC+ rN+ Dex+3}
 12055 | D:10     | Found a snail-covered altar of Cheibriados.
 12543 | D:11     | Noticed a manticore
 12572 | D:11     | Killed a manticore
 12618 | D:11     | Noticed a death yak
 12619 | D:11     | Noticed a death yak
 12628 | D:11     | Noticed a death yak
 12631 | D:11     | Killed a death yak
 12640 | D:11     | Killed a death yak
 12654 | D:11     | Killed a death yak
 12873 | D:11     | Found a staircase to the Lair.
 12936 | D:11     | Noticed a deep elf pyromancer
 12949 | D:11     | Killed a deep elf pyromancer
 12950 | D:11     | Reached skill level 1 in Fighting
 13106 | D:11     | Reached skill level 3 in Dodging
 13265 | D:11     | Reached skill level 4 in Dodging
 13537 | D:11     | Noticed a cyclops
 13545 | D:11     | Killed a cyclops
 13950 | D:12     | Noticed Urug
 14351 | D:12     | Reached XP level 12. HP: 75/75 MP: 27/27
 14479 | D:12     | Reached skill level 5 in Dodging
 14492 | D:12     | Reached skill level 5 in Fighting
 14495 | D:12     | Noticed Fannar
 14505 | D:12     | Killed Fannar
 14731 | D:12     | Found a portal to a secret trove of treasure.
 14762 | D:12     | Reached skill level 6 in Dodging
 14769 | D:12     | Found Lidoajul's Antique Weapon Shoppe.
 15145 | Lair:1   | Entered Level 1 of the Lair of Beasts
 15599 | Lair:1   | Noticed Harold
 15612 | Lair:1   | Killed Harold
 15764 | Lair:1   | Noticed a catoblepas
 15790 | Lair:1   | Killed a catoblepas
 15791 | Lair:1   | Reached skill level 7 in Dodging
 15878 | Lair:1   | Found a hide-covered altar of Uskayaw.
 16021 | Lair:1   | Noticed a four-headed hydra
 16029 | Lair:1   | Killed a four-headed hydra
 16696 | Lair:2   | Reached skill level 8 in Dodging
 16967 | Lair:2   | You fall into a shaft and drop 1 floor!
 17014 | Lair:3   | Found a staircase to the Snake Pit.
 17048 | Lair:3   | Identified a scroll of acquirement
 17444 | Lair:2   | Reached XP level 13. HP: 89/89 MP: 28/28
 17499 | Lair:2   | Reached skill level 9 in Dodging
 18134 | Lair:2   | Acquired the Directory of the Legion
 18142 | Lair:2   | Learned a level 5 spell: Summon Mana Viper
 18307 | Lair:3   | Noticed Snorg
 18319 | Lair:3   | Killed Snorg
 18879 | Lair:3   | Reached skill level 10 in Dodging
 19186 | Lair:3   | Found a staircase to the Swamp.
 19259 | Lair:4   | Noticed Rupert
 19277 | Lair:4   | Killed Rupert
 19278 | Lair:4   | Reached skill level 10 in Fighting
 19445 | Lair:4   | Found a staircase to the Slime Pits.
 19445 | Lair:4   | Found a viscous altar of Jiyva.
 19589 | Lair:4   | Reached skill level 11 in Dodging
 19685 | Lair:4   | Identified the ring of Elyvilon's Hatred {Str+8 Dex+6}
 19955 | D:12     | You paid a toll of 7 scrolls of fog to enter a treasure
                  | trove
 19956 | Trove    | Entered a treasure trove
 19988 | Trove    | Got Sif Muna's Elucidation of Cold and the Oath
 19992 | Trove    | Got the Information on Poisonous Peregrination
 19994 | Trove    | Got Sif Muna's Cyclopedia of the Maleficium and Bombardment
 20002 | Trove    | Identified the amulet "Quemniro" {Faith Str+4}
 20004 | Trove    | Identified the amulet of Duezyiva {Reflect Rampage rCorr
                  | Int-3 Dex+6 SH+5}
 20145 | Lair:1   | Acquired the +2 hood of the Assassin {Detect Stab+ Stlth++}
 20145 | Lair:1   | Found the +2 hood of the Assassin {Detect Stab+ Stlth++}
 20481 | Lair:4   | Reached skill level 1 in Transmutations
 20776 | Lair:5   | Entered Level 5 of the Lair of Beasts
 20797 | Lair:5   | Found a sparkling altar of Nemelex Xobeh.
 21062 | Lair:5   | Reached XP level 14. HP: 99/99 MP: 29/29
 22139 | Lair:5   | Reached skill level 5 in Transmutations
 23141 | D:5      | Killed jasper's ghost
 23276 | Orc:1    | Entered Level 1 of the Orcish Mines
 24973 | Orc:2    | Entered Level 2 of the Orcish Mines
 25228 | Orc:2    | Found a staircase to the Elven Halls.
 25246 | Orc:2    | Found Apsosch's Assorted Antiques.
 25246 | Orc:2    | Found Kuoff's Armour Shoppe.
 25246 | Orc:2    | Found Sosk's Distillery.
 25246 | Orc:2    | Found Atibiaq's Antique Armour Shop.
 25260 | Orc:2    | Reached skill level 10 in Air Magic
 25260 | Orc:2    | Reached XP level 15. HP: 105/105 MP: 30/30
 25592 | Orc:2    | Bought a fine lead ring for 150 gold pieces
 25592 | Orc:2    | Identified the ring "Galeuxt" {rElec rN+ Will- rCorr Dex+6}
                  | (You bought it in a shop on level 2 of the Orcish Mines)
 25761 | Orc:2    | Noticed an orc warlord
 25770 | Orc:2    | Found Icuedut's Gadget Gallery.
 25774 | Orc:2    | Killed an orc warlord
 26332 | D:9      | Learned a level 7 spell: Storm Form
 26627 | D:12     | Killed Urug
 26838 | D:12     | Found Lidoajul's Antique Weapon Shoppe.
 27518 | D:13     | Found a gate to the Vaults.
 27605 | D:13     | Found a transporter.
 27608 | D:13     | Identified the +3 great mace "Pagg" {pain, *Slow Dex+5
                  | Stlth+}
 27608 | D:13     | Identified the +5 great mace "Wunti" {heavy, rN+ Str+4
                  | Int-4 SInv}
 27610 | D:13     | Noticed Tuedos's ghost (journeyman BaGl)
 27658 | D:13     | Found a transporter.
 28116 | D:13     | Upgraded the game from 0.30-a0-1018-g25214051b3 to
                  | 0.30-a0-1035-g38d5fb2972
 28159 | D:13     | Reached skill level 10 in Transmutations
 28503 | D:14     | HP: 5/105 [centaur warrior/arrow (19)]
 28537 | D:14     | Found a gate leading to a gauntlet.
 28546 | Gauntlet | Entered a Gauntlet
 28546 | Gauntlet | Found a transporter.
 28546 | Gauntlet | Found a transporter.
 28546 | Gauntlet | Found a transporter.
 28546 | Gauntlet | Found a transporter.
 28775 | Gauntlet | Found a transporter.
 28775 | Gauntlet | Found a transporter.
 28777 | Gauntlet | Found a large runed translucent door.
 28778 | Gauntlet | Found a large runed translucent door.
 28779 | Gauntlet | Found a large runed translucent door.
 28779 | Gauntlet | Found a large runed translucent door.
 28779 | Gauntlet | Found a runed translucent door.
 28779 | Gauntlet | Found a runed translucent door.
 28780 | Gauntlet | Found a large runed translucent door.
 28780 | Gauntlet | Found a large runed translucent door.
 28780 | Gauntlet | Found a large runed translucent door.
 28780 | Gauntlet | Found a large runed translucent door.
 28781 | Gauntlet | Found a large runed translucent door.
 28781 | Gauntlet | Found a large runed translucent door.
 28782 | Gauntlet | Found a large runed translucent door.
 28782 | Gauntlet | Found a large runed translucent door.
 28783 | Gauntlet | Found a runed translucent gate.
 28783 | Gauntlet | Found a runed translucent gate.
 28783 | Gauntlet | Found a runed translucent gate.
 28785 | Gauntlet | Found a transporter.
 28789 | Gauntlet | Found a transporter.
 28799 | Gauntlet | Found a transporter.
 28799 | Gauntlet | Found a transporter.
 28830 | Gauntlet | Found a large runed translucent door.
 28830 | Gauntlet | Found a large runed translucent door.
 28833 | Gauntlet | Found a large runed translucent door.
 28833 | Gauntlet | Found a large runed translucent door.
 28899 | Gauntlet | Found a transporter.
 28903 | Gauntlet | Found a transporter.
 29115 | Gauntlet | Learned a level 2 spell: Blink
 29123 | Gauntlet | Learned a level 7 spell: Summon Hydra
 29203 | Gauntlet | Identified the scarf "Yxalaode" {+Inv, rN+ Will+ Str-3}
 29514 | Gauntlet | Identified the +1 hat "Acahil" {Int+6}
 29689 | Gauntlet | Identified the ring of Xuiger {rElec rPois rC- rCorr SInv}
 29853 | Gauntlet | Identified the +2 pair of gloves "Jeask" {rElec rPois rN+
                  | Dex-5}
 29853 | Gauntlet | Identified the ring "Leumnur" {rC+ rCorr Int+2}
 30640 | D:15     | Entered Level 15 of the Dungeon
 30909 | D:15     | Found a staircase to the Depths.
 30912 | D:15     | Reached XP level 16. HP: 98/111 MP: 31/31
 31461 | D:15     | Found Emuineuj's Antique Weapon Shop.
 32379 | Snake:1  | Entered Level 1 of the Snake Pit
 32396 | Snake:1  | Acquired the ring of the Skies Above {Fly rF+ rN+ Will+
                  | rCorr}
 34942 | Snake:2  | Found Penid's Distillery.
 34945 | Snake:2  | Found Geisaos's Antique Armour Boutique.
 34945 | Snake:2  | Found Neosob's Antique Armour Shop.
 34990 | Snake:2  | Found Ciopia Modgh's Distillery.
 34992 | Snake:2  | Bought a potion of heal wounds for 70 gold pieces
 36818 | Snake:4  | Entered Level 4 of the Snake Pit
 36929 | Snake:4  | Reached XP level 17. HP: 105/117 MP: 32/32
 37117 | Snake:4  | Reached skill level 15 in Air Magic
 37383 | Snake:4  | Acquired 368 gold pieces
 37833 | Snake:4  | Noticed Mlioglotl
 37838 | Snake:4  | Noticed a tentacled starspawn
 37838 | Snake:4  | Killed Mlioglotl
 37908 | Snake:4  | Learned a level 6 spell: Summon Cactus Giant
 38509 | Snake:4  | Noticed a quicksilver dragon
 38509 | Snake:4  | Noticed a quicksilver dragon
 38643 | Snake:4  | Killed a quicksilver dragon
 38643 | Snake:4  | Killed a quicksilver dragon
 38818 | Snake:4  | Got a serpentine rune of Zot
 38852 | Snake:4  | Reached skill level 15 in Transmutations
 39179 | Swamp:1  | Entered Level 1 of the Swamp
 39461 | Swamp:1  | Noticed Donald
 40074 | Swamp:1  | Identified Roxanne's Monograph on Topomancy
 40074 | Swamp:1  | Noticed Roxanne
 40134 | Swamp:1  | Killed Donald
 40567 | Swamp:1  | Killed Roxanne
 40729 | Swamp:2  | Noticed Jorgrun
 40738 | Swamp:2  | Killed Jorgrun
 40831 | Swamp:2  | Reached skill level 1 in Unarmed Combat
 41656 | Swamp:2  | Reached XP level 18. HP: 52/124 MP: 34/34
 43157 | Swamp:3  | Reached skill level 12 in Dodging
 43607 | Swamp:4  | Entered Level 4 of the Swamp
 43612 | Swamp:4  | Noticed Louise
 44179 | Swamp:4  | Noticed Mara
 45069 | Swamp:3  | Reached skill level 5 in Unarmed Combat
 45749 | Swamp:4  | Killed Louise
 45752 | Swamp:4  | Found a transporter.
 45766 | Swamp:4  | Killed Mara
 46760 | Swamp:4  | Noticed Isysim's ghost (adept OgFi)
 46762 | Swamp:4  | Found a bloodstained altar of Trog.
 47047 | Swamp:4  | Found a transporter.
 47262 | Swamp:4  | Reached skill level 13 in Dodging
 47446 | Swamp:4  | Got a decaying rune of Zot
 47760 | Swamp:4  | HP: 4/127 [spriggan berserker/+0 antimagic rapier (15)]
 47775 | Swamp:4  | Killed Isysim's ghost
 48389 | D:13     | Reached XP level 19. HP: 116/134 MP: 19/35
 48397 | D:13     | Killed Tuedos's ghost
 48553 | Vaults:1 | Entered Level 1 of the Vaults
 48554 | Vaults:1 | Noticed Saint Roka
 48576 | Vaults:1 | Killed Saint Roka
 49330 | Vaults:1 | Found Wianegex's Book Boutique.
 49339 | Vaults:1 | Bought a manual of Dodging for 1440 gold pieces
 50384 | Vaults:1 | Reached skill level 14 in Dodging
 51852 | Vaults:2 | Reached skill level 15 in Dodging
 52024 | Vaults:3 | Found a magical portal.
 52033 | WizLab   | Entered Eringya's Formal Garden
 53155 | WizLab   | Reached skill level 10 in Unarmed Combat
 53238 | WizLab   | Reached XP level 20. HP: 63/144 MP: 36/36
 53554 | WizLab   | Reached skill level 16 in Dodging
 53654 | WizLab   | Found a blossoming altar of Fedhas.
 53933 | Vaults:3 | Identified the +9 arbalest of Insufficient Pleasure
                  | {antimagic, rC- Will++ Int+5}
 53935 | Vaults:3 | Identified the +8 arbalest of Xom's Brutal Revenge {speed,
                  | Fragile rElec rN+ Will+}
 53939 | Vaults:3 | Identified the +5 arbalest "Wilidamu" {flame, Stlth+}
 54002 | Vaults:3 | HP: 6/144 [yaktaur captain (20)]
 54903 | Vaults:3 | Reached skill level 15 in Fighting
 54975 | Vaults:3 | Identified the +7 spear of Orchurch {holy, rF+ rC- rN++}
 55244 | Vaults:3 | Identified the +0 scimitar of Light {heavy, Will++}
 55774 | Vaults:3 | Reached skill level 17 in Dodging
 55823 | Vaults:3 | Found a staircase to the Crypt.
 56991 | Vaults:4 | Found Felugoar's Magic Scroll Shop.
 57003 | Vaults:4 | Reached skill level 18 in Dodging
 57721 | Vaults:4 | Reached XP level 21. HP: 141/153 MP: 37/37
 58156 | Vaults:5 | Entered Level 5 of the Vaults
 58441 | Elf:1    | Entered Level 1 of the Elven Halls
 59288 | Elf:1    | Got the Disquisition on Feathers and Locality
 59786 | Elf:2    | Reached skill level 19 in Dodging
 60104 | Elf:2    | Found a runed translucent door.
 60167 | Elf:2    | Found a runed translucent door.
 60337 | Elf:2    | Found a runed translucent door.
 60398 | Elf:2    | Noticed Timpihef's ghost (adept OpAK)
 61509 | Elf:3    | Entered Level 3 of the Elven Halls
 61646 | Elf:3    | Found Oni Hiat's Book Boutique.
 62311 | Elf:3    | Reached XP level 22. HP: 121/163 MP: 38/38
 62730 | Elf:3    | Identified the ring of the Genius {rF+ Str+2 Int+4 Dex+6
                  | Stlth-}
 62892 | Elf:3    | Identified the +11 arbalest of the Winnowing Pariah {flame,
                  | rF+ rC- rN+ Str+3}
 62936 | Elf:3    | HP: 5/164 [deep elf master archer/arrow (22)]
 63460 | Elf:3    | Identified the staff of fire "Asush" {*Slow rF+ rC+ Int-4
                  | Dex+4}
 63466 | Elf:3    | Identified the staff of death "Fybbosm" {rN+ MP+9 Str+5
                  | Dex+3}
 63471 | Elf:3    | Identified the staff of cold "Wiemm" {rC+ Will++}
 64010 | Vaults:4 | Reached skill level 20 in Dodging
 65624 | Vaults:5 | Reached skill level 15 in Unarmed Combat
 65626 | Vaults:5 | Noticed a golden dragon
 65643 | Vaults:5 | Killed a golden dragon
 65645 | Vaults:5 | Noticed a golden dragon
 65658 | Vaults:5 | Killed a golden dragon
 66614 | Vaults:5 | Got the Codex of Reformation
 66621 | Vaults:5 | Identified the staff of fire "Tuggory" {rPois rF+ Str+3}
 66655 | Vaults:5 | Identified the +6 shortbow "Cagiofourph" {drain, Will+}
 66794 | Vaults:5 | Identified the ring of Hyvvinaraw {Wiz rN+ Will- rCorr}
 68006 | Vaults:5 | Reached XP level 23. HP: 142/172 MP: 39/39
 68017 | Vaults:5 | Identified the +0 pair of boots of the Sky {Dex+4 Stlth+}
 68215 | Vaults:5 | Identified the ring of Dyc Kul {rCorr Stlth+}
 68334 | Vaults:5 | Noticed a dread lich
 68340 | Vaults:5 | Killed a dread lich
 68347 | Vaults:5 | Found the +3 hat of Pondering {ponderous, Will+ MP+10
                  | Int+5}
 68372 | Vaults:5 | Reached skill level 21 in Dodging
 68888 | Vaults:5 | Identified the +0 scale mail of Bainym {Rampage rC- Regen+
                  | Str+8}
 68928 | Vaults:5 | Got a silver rune of Zot
 68935 | Vaults:5 | Got the Tome of the Topological Dose
 69361 | Slime:1  | Entered Level 1 of the Pits of Slime
 69424 | Slime:1  | Gained mutation: You have an increased reservoir of magic.
                  | (+10% MP) [a shining eye]
 70101 | Slime:2  | You are sucked into a shaft and drop 2 floors!
 70772 | Slime:5  | Entered Level 5 of the Pits of Slime
 70826 | Slime:5  | Noticed the Royal Jelly
 71891 | Slime:5  | HP: 2/174 [the Royal Jelly (14)]
 71891 | Slime:5  | Splashed by the Royal Jelly's acid

Illustrated notes

Levels and vault maps discovered:
D:1:      wander_arrival_estate, layout_rooms, serial_shops,
          nicolae_shop_behind_doors, minmay_pentomino_o2
D:2:      layout_loops_cross, shapermc_ecumenical_altar_mp_urbaneastern,
          uniq_terence
D:3:      layout_basic, mainiacjoe_overflow_brackets, vehumet_altar_wand_db,
          nicolae_overflow_hidden_temple, chequers_serial_rivers_micro_e
D:4:      layout_rooms
D:5:      layout_rooms, gammafunk_ghost_arena
D:6:      layout_loops_ring, nicolae_uskayaw_dance_studio,
          nicolae_qazlal_scattered_showers, minmay_misc_feat_rugged,
          uniq_duvessa, uniq_maggie, uniq_pikel, uniq_blork_the_orc
D:7:      layout_basic, mainiacjoe_overflow_six_doors_small,
          minmay_temple_entry_wispy
D:8:      layout_layer_cave
D:9:      layout_loops_ring, serial_co_window_serial, co_window_cross_1,
          co_window_corner_a, co_window_of_opportunity_a, co_window_paths_a,
          co_window_paths_a, co_window_of_opportunity_a,
          co_window_of_opportunity_a, co_window_corner_b, co_window_broadway_a,
          co_window_broadway_b, co_window_broadway_b, co_window_4corner_a,
          glass_columns_b, glass_columns_a, glass_columns_c, glass_columns_a,
          glass_columns_a, uniq_amaemon
D:10:     layout_cross, chei_slow_surprise
D:11:     layout_roguey, dpeg_lair_monsters
D:12:     layout_stronghold, serial_shops, shop,
          nicolae_trove_entry_free_sample, uniq_urug, uniq_fannar
D:13:     layout_basic, david_vaults_2, gammafunk_ghost_smash,
          grunt_ministairs_2, minmay_fractal_squares_5
D:14:     layout_cave_pools, gauntlet_entry_generic,
          nicolae_concentric_dashed_squares_wild, kennysheep_kite_vault
D:15:     grunt_enter_depths_magical_seal, layout_stronghold, serial_shops,
          shop, chequers_serial_rivers_small_b
Temple:   bh_familiar_temple
Lair:1:   layout_regular_city, basic_altar, lemuel_fruit_fields,
          serial_bayou_shore_b, uniq_harold
Lair:2:   layout_hall_layers, chequers_serial_rivers_small_b,
          minmay_shattered_shrine
Lair:3:   layout_big_grid, palyth_hydra_swamp_entry,
          guppyfry_snake_entry_garden, uniq_snorg
Lair:4:   layout_roguey, nicolae_slime_entry_slimehenge, beast_lair_carwin_7,
          infiniplex_staircase_pool_2, uniq_rupert
Lair:5:   guppyfry_lair_end_dragon, layout_small_grid, hangedman_lair_in_review,
          basic_altar
Swamp:1:  layout_falls_marsh, evilmike_swamp_ruin_house_6, uniq_roxanne,
          uniq_donald
Swamp:2:  layout_basic_swamp, evilmike_swamp_ruin_house_2, uniq_jorgrun
Swamp:3:  layout_basic_swamp, evilmike_swamp_ruin_house_5,
          nicolae_swamp_super_fun_site
Swamp:4:  swamp_vile, layout_basic_swamp, gammafunk_ghost_wrathful_warriors,
          uniq_mara, uniq_louise
Snake:1:  layout_basic, hangedman_snake_wide_pillar_pass
Snake:2:  layout_chambers, nicolae_snake_gridmaze_spiral, minmay_shoptagon
Snake:3:  layout_chambers
Snake:4:  hellmonk_snake_rune_quicksilver_temple, layout_cave_town,
          uniq_mlioglotl
Slime:1:  layout_caves
Slime:2:  layout_caves, amcnicky_altar_lugonu_corruption
Slime:4:  layout_caves
Slime:5
Orc:1:    layout_caves, basic_altar
Orc:2:    st_orc_ogre_mass, layout_caves, nicolae_shop_gadgets
Elf:1:    minmay_elf_arrival_circle, layout_onion_city,
          minmay_elf_crystal_heptagon, einodemon_armed_red_devil_minivault
Elf:2:    nicolae_elf_blades_splatter_lattice
          [nicolae_blade_entry_splitting_headache], layout_geoelf_diagonals,
          ebering_ghost_reflecting_pool
Elf:3:    grunt_elf_hall_asides, layout_geoelf_castle, serial_shops,
          nicolae_shop_hallway_plus, nicolae_elf_m_pinch
Vaults:1: nicolae_vaults_little_squares_1, vaults_dpeg_encased_lava, v_misc_1,
          nicolae_vaults_alarming, nicolae_vaults_little_ls,
          layout_vaults_omnigrid, serial_shops, shop, uniq_saint_roka
Vaults:2: vaults_room_fours, nicolae_vaults_know_your_exits,
          nicolae_vaults_mini_display_case, ontoclasm_vaults_ring_large,
          hangedman_vaults_impose, nicolae_vaults_three_branches,
          nicolae_vaults_what_the_h, ontoclasm_vaults_loading_screen,
          vaults_mumra_lcd, dpeg_vaults_monster_row, grunt_vaults_funnel,
          nicolae_vaults_little_squares_6, nicolae_vaults_little_squares_5,
          layout_vaults_maze_bifur, uniq_margery
Vaults:3: mu_enter_wizlab_4, hangedman_vaults_slither,
          grunt_vaults_hallway_short, grunt_vaults_twisty,
          nicolae_vaults_windows_and_doors_thing, dpeg_vaults_monster_box,
          nicolae_vaults_rhombus_7, minmay_crypt_entry_skeletal_spiral,
          nicolae_vaults_yaktaur_gun_rack, v_misc_17, v_misc_2,
          layout_vaults_big_room
Vaults:4: vaults_mumra_hex, hangedman_vaults_pinch,
          nicolae_vaults_little_squares_4, hangedman_vaults_restitches,
          v_misc_11, ontoclasm_vaults_chip, vaults_room_ringed_pool,
          v_pattern_1, grunt_vaults_hallway_short, nicolae_vaults_specimen_jars,
          layout_vaults_omnicross, serial_shops, shop
Vaults:5

Skill      XL: |  1  2  3  4  5  6  7  8  9 10 11 12 13 14 15 16 17 18 19 20 21 22 23 |
---------------+----------------------------------------------------------------------+-----
Spellcasting   | 3 4 6 8 10 11 12 | 12.0
Hexes          | 1 2 3 4 |  4.0
Summonings     | 5 6 7 9 11 12 | 12.3
Air Magic      | 1 2 5 6 10 12 14 16 | 16.2
Fighting       | 4 8 10 11 13 14 16 17 18 19 | 19.5
Dodging        | 4 8 11 13 15 18 19 20 21 | 21.4
Transmutations | 3 8 11 14 15 | 15.4
Unarmed Combat | 2 7 10 12 14 15 16 | 16.7
Stealth        | |  2.6

Action                     |  1- 3 |  4- 6 |  7- 9 | 10-12 | 13-15 | 16-18 | 19-21 | 22-24 || total
---------------------------+-------+-------+-------+-------+-------+-------+-------+-------++-------
  Melee: Unarmed           |    60 |    86 |    12 |       |   127 |   747 |   845 |   517 ||  2394
         Constrict         |    16 |    22 |     6 |    18 |    12 |     3 |       |     2 ||    79
         Tentacles         |    16 |    21 |     5 |    20 |    15 |     6 |     5 |     5 ||    93
         Punch             |     1 |       |       |     3 |     3 |    12 |    96 |    72 ||   187
         Lance             |       |       |     1 |    96 |    55 |    17 |     7 |    14 ||   190
   Cast: Summon Small Mamm |    24 |    22 |    36 |    25 |    14 |       |       |       ||   121
         Call Imp          |     2 |     8 |    24 |    16 |     9 |       |       |       ||    59
         Call Canine Famil |       |    19 |    48 |    62 |    78 |     4 |     5 |       ||   216
         Summon Guardian G |       |       |    20 |    60 |    85 |     4 |     2 |       ||   171
         Summon Lightning  |       |       |    18 |    60 |    91 |     2 |     1 |       ||   172
         Summon Mana Viper |       |       |       |       |    89 |    59 |    33 |     1 ||   182
         Summon Hydra      |       |       |       |       |    10 |    53 |    31 |       ||    94
         Storm Form        |       |       |       |       |     8 |   105 |   102 |    60 ||   275
         Summon Cactus Gia |       |       |       |       |       |    34 |    30 |     3 ||    67
 Invoke: Call Merchant     |       |       |       |     2 |     2 |     3 |       |       ||     7
Ability: End Transformatio |       |       |       |       |     1 |       |       |       ||     1
         Blinkbolt         |       |       |       |       |       |     2 |    34 |    10 ||    46
    Use: Scroll            |       |       |    15 |     6 |     9 |     9 |     2 |     3 ||    44
         Potion            |       |       |     2 |       |     3 |     1 |       |     4 ||    10
   Stab: Distracted        |     2 |       |       |       |     4 |    11 |     9 |     8 ||    34
         Sleeping          |     1 |     5 |       |     1 |     1 |     4 |       |       ||    12
         Betrayed ally     |       |       |       |     1 |       |       |       |       ||     1
 Armour: Skin              |    10 |    10 |     5 |    16 |    38 |   228 |   128 |   113 ||   548
  Dodge: Dodged            |    48 |    58 |    33 |    52 |   235 |  1127 |   778 |   646 ||  2977

Table legend: (Time is in decaauts)
 A = Elapsed time spent in this place.
 B = Non-inter-level travel time spent in this place.
 C = Inter-level travel time spent in this place.
 D = Time resting spent in this place.
 E = Time spent auto-exploring this place.
 F = Levels seen in this place.
 G = Mean time per level.
                   A        B        C        D        E       F      G
               +--------+--------+--------+--------+--------+-----+--------+
         Total |  71682 |  67653 |   4029 |  16241 |  38608 |  46 | 1558.3 |
       Dungeon |  22399 |  20564 |   1835 |   4436 |  11980 |  15 | 1493.3 |
        Temple |    144 |    118 |     26 |      0 |    116 |   1 |  144.0 |
          Lair |   8109 |   7228 |    881 |    895 |   4818 |   5 | 1621.8 |
         Swamp |   8771 |   8671 |    100 |   4668 |   2707 |   4 | 2192.8 |
     Snake Pit |   6745 |   6525 |    220 |    167 |   5282 |   4 | 1686.2 |
    Slime Pits |   2454 |   2434 |     20 |   1086 |    752 |   4 |  613.5 |
  Orcish Mines |   1949 |   1816 |    133 |    460 |    974 |   2 |  974.5 |
   Elven Halls |   5110 |   4966 |    144 |    774 |   3101 |   3 | 1703.3 |
        Vaults |  12680 |  12012 |    668 |   2672 |   7418 |   5 | 2536.0 |
         Trove |    110 |    110 |      0 |      0 |     62 |   1 |  110.0 |
        Wizlab |   1845 |   1845 |      0 |    513 |   1009 |   1 | 1845.0 |
      Gauntlet |   1360 |   1360 |      0 |    569 |    389 |   1 | 1360.0 |
               +--------+--------+--------+--------+--------+-----+--------+

Top non-repeatable levels by time:
Vaults:4: 4090 daAuts
 Swamp:3: 3544 daAuts
     D:9: 3484 daAuts
Vaults:5: 3279 daAuts
 Swamp:1: 2316 daAuts
     D:6: 2220 daAuts
 Snake:4: 2202 daAuts
    D:13: 2113 daAuts
  Lair:5: 2107 daAuts
    D:12: 2075 daAuts
   Elf:3: 2063 daAuts
 Snake:2: 1907 daAuts
Vaults:3: 1870 daAuts
    D:11: 1849 daAuts
  WizLab: 1845 daAuts
